 Dungeon Crawl Stone Soup version 0.24.0-35-gdb84b6a5db (console) character file.

Game seed: 536056212040012740, levelgen mode: deterministic

651 AlterAsc the Firebug (level 7, 27/50 HPs)
             Began as a White Draconian Fire Elementalist on Nov 17, 2019.
             Quit the game in the Ecumenical Temple.
             The game lasted 00:12:54 (3926 turns).

AlterAsc the Firebug (DrFE)                         Turns: 3926, Time: 00:12:54

Health: 27/50      AC:  7    Str: 10    XL:     7   Next: 28%
Magic:  13/13      EV: 12    Int: 17    God:
Gold:   100        SH:  0    Dex: 12    Spells: 6/14 levels left

rFire    . . .     SeeInvis .   i - +1 spear
rCold    + . .     Gourm    .   (no shield)
rNeg     . . .     Faith    .   (armour unavailable)
rPois    .         Spirit   .   (helmet restricted)
rElec    .         Reflect  .   (no cloak)
rCorr    +         Harm     .   k - +0 pair of gloves
MR       .....                  (no boots)
Stlth    ++........             (no amulet)
HPRegen  0.16/turn              g - ring of resist corrosion
MPRegen  0.13/turn              (no ring)

@: short of breath
A: breathe frost, unfitting armour, cold resistance 1, cold-blooded, AC +6
a: Breathe Frost


You were in the Ecumenical Temple.
You were not hungry.

You visited 2 branches of the dungeon, and saw 7 of its levels.
You also visited: Sewer.

You collected 100 gold pieces.

Inventory:

Hand Weapons
 i - a +1 spear (weapon)
Armour
 k - a +0 pair of gloves (worn)
Jewellery
 g - a ring of resist corrosion (left hand)
 r - an uncursed amulet of guardian spirit
Wands
 q - a wand of acid (4)
Potions
 e - a potion of brilliance {unknown}
 f - a potion of lignification {unknown}
 h - a potion of curing {unknown}
 j - a potion of heal wounds {unknown}
 m - a potion of invisibility {unknown}
 n - a potion of haste {unknown}
 o - 2 potions of cancellation {unknown}
Comestibles
 b - 5 rations


   Skills:
 - Level 1.8 Dodging
 - Level 1.8 Stealth
 + Level 4.0 Spellcasting
 + Level 3.9 Conjurations
 * Level 5.3 Fire Magic


You had 6 spell levels left.
You knew the following spells:

 Your Spells              Type           Power        Failure   Level  Hunger
a - Flame Tongue          Conj/Fire      ###..        2%          1    None
b - Conjure Flame         Conj/Fire      ###.....     7%          3    ###....
c - Sticky Flame          Conj/Fire      ###.....     24%         4    ####...

Your spell library contained the following spells:

 Spells                   Type           Power        Failure   Level  Hunger
 Throw Flame              Conj/Fire      ###...       3%          2    ##.....
 Inner Flame              Hex/Fire       ##......     16%         3    ###....
 Fireball                 Conj/Fire      ###.......   54%         5    ######.


Dungeon Overview and Level Annotations

Branches:
Dungeon (6/15)             Temple (1/1) D:6           Sewer (visited)

Altars:
Cheibriados
Elyvilon
Gozag
Kikubaaqudgha
Makhleb
Nemelex Xobeh
Okawaru
Ru
Sif Muna
Vehumet
Wu Jian
Xom
Zin
The Shining One

Annotations:
D:3 Natasha
D:4 Robin
D:5 1 runed translucent door, Thargor's ghost, novice DEFE
D:6 Edmund


Innate Abilities, Weirdness & Mutations

You can breathe waves of freezing cold.
You can buffet flying creatures when you breathe cold.
Your icy white scales are hard. (AC +6)
You cannot fit into any form of body armour.
Your flesh is cold resistant. (rC+)
You are cold-blooded and may be slowed by cold attacks.


Message History

There is an open door here.
There is a staircase to the Ecumenical Temple here.
You climb downwards.
Welcome to the Ecumenical Temple!
There is a staircase back to the Dungeon here.
Eating a chunk of flesh.
You eat the chunk of flesh.
This raw flesh tastes terrible.
Found three altars.
Your magical contamination has completely faded away.
Found an opulent altar of Gozag and a snail-covered altar of Cheibriados.
There is a white marble altar of Elyvilon here.
There is an ancient bone altar of Kikubaaqudgha here.
There is a staircase back to the Dungeon here.
Found three altars.
Found a shimmering blue altar of Sif Muna and a radiant altar of Vehumet.
Done exploring.
Done exploring.
Done exploring.
Press: ? - help, Shift-Dir - straight line You exhale a wave of freezing cold.
You feel somewhat more hungry.
Are you sure you want to abandon this character and quit the game? (Confirm with "yes".)

######### ########
###.......### ###.......
##..._..._...###...⌠...⌠.
#.......@.....#..........
##...........###.........
###..._.............<...
##...........###.........
#.............#..........
##..._..._...###...⌠...⌠.
###.......### ###.......
######### ########


There were no monsters in sight!

Vanquished Creatures
  An ogre (D:4)
  2 bullfrogs (Sewer)
  A hound (D:4)
  A bullfrog skeleton (D:4)
  2 orc wizards (D:2)
  Ijyb (D:3)
  9 adders
  13 oozes
  3 worms
  4 dart slugs
  7 leopard geckos
  8 orcs
  8 bats
  9 giant cockroaches
  3 goblins
  6 hobgoblins
  11 jackals
  4 kobolds
  A quokka (D:4)
  14 ball pythons
  23 frilled lizards
  11 rats
142 creatures vanquished.

Notes
Turn   | Place    | Note
-------+----------+-------------------------------------------
     0 | D:1      | AlterAsc the Draconian Fire Elementalist began the quest
                  | for the Orb.
     0 | D:1      | Reached XP level 1. HP: 14/14 MP: 3/3
   445 | D:1      | Reached XP level 2. HP: 14/20 MP: 1/5
  1107 | D:2      | Reached XP level 3. HP: 20/26 MP: 2/6
  1140 | D:2      | Found a burning altar of Makhleb.
  1140 | D:2      | Noticed a balrug
  1143 | D:2      | Noticed a hellwing
  1143 | D:2      | Noticed a neqoxec
  1612 | D:2      | Reached skill level 4 in Fire Magic
  1613 | D:2      | Reached XP level 4. HP: 32/33 MP: 2/7
  1771 | D:2      | Reached XP level 5. HP: 27/38 MP: 0/9
  1883 | D:2      | Found a faded altar of an unknown god.
  1995 | D:2      | Learned a level 3 spell: Conjure Flame
  2000 | D:2      | Learned a level 4 spell: Sticky Flame
  2330 | D:3      | Noticed Ijyb
  2421 | D:3      | Killed Ijyb
  2489 | D:3      | Noticed Natasha
  2622 | D:3      | You fall into a shaft and drop 1 floor!
  2706 | D:4      | Reached skill level 5 in Fire Magic
  2827 | D:4      | Noticed an ogre
  2866 | D:4      | Killed an ogre
  2866 | D:4      | Reached XP level 6. HP: 23/45 MP: 0/11
  2946 | D:4      | Found a glowing drain.
  2970 | Sewer    | Entered a sewer
  3569 | Sewer    | Reached skill level 6 in Fire Magic
  3642 | Sewer    | Your scales start taking on an icy white colour.
  3642 | Sewer    | Reduced skill Fire Magic to level 5
  3642 | Sewer    | Reached XP level 7. HP: 47/50 MP: 4/12
  3642 | Sewer    | Gained mutation: Your flesh is cold resistant. (rC+) [White
                  | Draconian growth]
  3715 | D:4      | Noticed Robin
  3723 | D:5      | Entered Level 5 of the Dungeon
  3723 | D:5      | Found a runed translucent door.
  3758 | D:5      | Found an ornate altar of the Wu Jian Council.
  3759 | D:5      | Found an iron altar of Okawaru.
  3813 | D:5      | Found a sacrificial altar of Ru.
  3830 | D:5      | Noticed Thargor's ghost (novice DEFE)
  3848 | D:6      | Noticed Edmund
  3855 | D:6      | Found a staircase to the Ecumenical Temple.
  3861 | Temple   | Entered the Ecumenical Temple
  3926 | Temple   | Quit the game

Levels and vault maps discovered:
D:1:      beargit_arrival_greenhouse, layout_loops_ring,
          minmay_tree_intersection
D:2:      layout_loops_ring, chequers_ecumenical_altar_twisty,
          makhleb_altar_promises_db
D:3:      layout_basic, first_ration, grunt_decor_fettered, uniq_ijyb,
          uniq_natasha
D:4:      layout_cave_pools, kennysheep_little_box, grunt_temple_overflow_open,
          cheibrodos_sewer_entry_drain, uniq_robin
D:5:      layout_cave_pools, gammafunk_temple_overflow_pools,
          old_standard_altar, grunt_temple_overflow_diamond,
          hellmonk_ghost_happy_afterlife, basic_altar, serial_park_tiny_1,
          uniq_menkaure
D:6:      layout_loops_corners, minmay_temple_entry_enclosed_plants,
          serial_bayou, serial_bayou_pond_d, serial_bayou_pond_e,
          serial_bayou_shore_b, serial_bayou_shore_a, uniq_prince_ribbit1,
          uniq_sigmund, uniq_edmund, uniq_blork_the_orc
Temple:   zaba_magenta_temple

Skill      XL: |  1  2  3  4  5  6  7 |
---------------+----------------------+-----
Conjurations   | 2 3 |  3.9
Fire Magic     | 4 5 5 |  5.3
Spellcasting   | 3 4 |  4.0
Dodging        | |  1.8
Stealth        | |  1.8

Action                   |  1- 3 |  4- 6 |  7- 9 || total
-------------------------+-------+-------+-------++-------
Melee: Unarmed           |    14 |       |       ||    14
       Tailslap          |     2 |     2 |       ||     4
       Spear             |    14 |    38 |     4 ||    56
Throw: Dart              |       |    23 |       ||    23
 Cast: Flame Tongue      |    75 |   124 |    11 ||   210
       Conjure Flame     |       |     2 |       ||     2
       Sticky Flame      |       |     1 |       ||     1
 Abil: Breathe Frost     |       |       |     1 ||     1
  Use: Scroll            |       |       |     7 ||     7
 Stab: Distracted        |       |     1 |       ||     1
  Eat: Chunk             |     3 |     7 |     1 ||    11
Armor: Skin              |    32 |    22 |    20 ||    74
Dodge: Dodged            |    68 |    52 |    46 ||   166
